cohdb
Replays
Latest Replays
All Replays
Popular Replays
Top Player Replays
Match Explorer
How It Works
Community
CoH3 Stats
Reddit
Sign in to upload your games and track your stats! →
Sign in with Steam
Match 43284645
Unlisted
Match 43284645
Overview
Messages
Build Orders
End
Construct Barracks
1⁄4-ton 4x4 Truck
Riflemen Squad
Riflemen Squad
Riflemen Squad
Grenade Package
Infantry Support Center
Construct Motor Pool
M8 Greyhound Armored Car
Construct Medical Station
Engineer Squad
Construct Tank Depot
Selects Armored Battlegroup
Selects Strength in Steel
Selects Seek and Destroy
Selects UNKNOWN (2160077)
Selects Veteran Crews
Selects Field Repairs
M4A3E8 Sherman Easy Eight
HuckleBerryFish
tweaky
Porygon
PoteRush
0
0
Comments
sign in to comment!
No comments posted yet!